 Dungeon Crawl Stone Soup version 0.19.1 (webtiles) character file.

809 Nakatomy the Archer (level 7, -1/55 HPs)
             Began as a Centaur Hunter on Dec 25, 2016.
             Was a Follower of Trog.
             Slain by a centaur (6 damage)
             ... on level 5 of the Dungeon.
             The game lasted 00:19:57 (6067 turns).

Nakatomy the Archer (Centaur Hunter)                Turns: 6067, Time: 00:19:57

Health: -1/55      AC:  7    Str: 11 (14) XL:     7   Next: 61%
Magic:  7/7        EV: 14    Int:  9 (10) God:    Trog [*.....]
Gold:   264        SH:  0    Dex: 10 (12) Spells: 0 memorised, 6 levels left

rFire  . . .     SeeInvis .     a - +1 shortbow
rCold  . . .     Gourm    .     q - +0 ring mail
rNeg   + . .     Faith    .     (shield currently unavailable)
rPois  .         Spirit   .     s - +0 helmet
rElec  .         Reflect  .     t - +0 cloak
rCorr  .         Harm     .     (no gloves)
MR     .....                    (no barding)
Stlth  ..........               (no amulet)
                                e - +6 ring of evasion
                                r - ring of positive energy

@: very quick
A: hooves 3, deformed body, speed 2, tough skin 3
a: Berserk, Burn Spellbooks, Renounce Religion


You were on level 5 of the Dungeon.
You worshipped Trog.
Trog was aware of your devotion.
You were very hungry.

You visited 1 branch of the dungeon, and saw 5 of its levels.

You collected 264 gold pieces.

Inventory:

Hand Weapons
 a - a +1 shortbow (weapon)
 b - a +0 halberd
 h - a +0 short sword
Missiles
 d - 68 arrows (quivered)
Armour
 q - a +0 ring mail (worn)
 s - a +0 helmet (worn)
 t - a +0 cloak (worn)
Jewellery
 e - a +6 ring of evasion (right hand)
 r - a ring of positive energy (left hand)
Wands
 c - a wand of random effects (25/48)
 G - a wand of random effects (23/48)
Scrolls
 j - a scroll of fog {unknown}
 k - 4 scrolls of teleportation {unknown}
 l - a scroll of immolation {unknown}
 m - 6 scrolls of identify {unknown}
 o - 3 scrolls of remove curse {unknown}
 w - 4 scrolls of magic mapping {unknown}
 y - a scroll of recharging {unknown}
 z - a scroll of blinking {unknown}
 A - a scroll of random uselessness {unknown}
 F - a scroll of amnesia {unknown}
Potions
 i - 2 potions of haste {unknown}
 n - a potion of ambrosia {unknown}
 p - 2 potions of degeneration
 v - a potion of brilliance {unknown}
 x - a potion of resistance {unknown}
 B - a potion of cancellation {unknown}
 C - a potion of curing
 D - a potion of agility {unknown}
 E - a potion of might {unknown}
Comestibles
 f - 4 bread rations
 g - 2 meat rations
 u - 2 fruits


   Skills:
 - Level 2.0 Fighting
 + Level 3.8 Polearms
 * Level 10.8 Bows
 - Level 1.3 Dodging
 - Level 0.4 Stealth


You had 6 spell levels left.
You didn't know any spells.

Dungeon Overview and Level Annotations

Branches:
Dungeon (5/15)
 Temple: D:4-7

Altars:
Ashenzari
Kikubaaqudgha
Trog
Yredelemnul

Shops:
D:5 =


Innate Abilities, Weirdness & Mutations

You have hooves in place of feet.
Armour fits poorly on your strangely shaped body.
You cover ground very quickly.
You have extremely tough skin. (AC +3)


Message History

* * * LOW HITPOINT WARNING * * *
You see here 3 arrows.
You are too injured to fight recklessly!
The centaur unwields an uncursed shortbow.
The centaur hits you but does no damage.
You see here an adder corpse.
Really attack while wielding your +1 shortbow?
Okay, then.
Unknown command.
Unknown command.
It was a potion of degeneration.
There was something very wrong with that liquid.
You feel weakened.
You feel dopey.
You feel clumsy. The centaur misses you.
Okay, then.
Unknown command.
It was a potion of curing.
You feel better. The centaur hits you.
* * * LOW HITPOINT WARNING * * *
The centaur hits you.
You die...

#.......#
#.......#
#.......#
#'#.....#
#.#.....#
#.####### #.#
#(# #@#
#######c#
#.......#
#..###..# #.(#
...........S...
.........%.####
...........#
...........#


You could see a centaur.

Vanquished Creatures
  Eustachio (D:5)
  Duvessa (D:5)
  An ogre (D:4)
  Dowan (D:5)
  A scorpion (D:4)
  A crimson imp (D:5)
  A hound (D:4)
  2 worker ants
  Robin (D:2)
  9 gnolls
  8 adders
  An adder skeleton (D:4)
  3 worms
  A dart slug (D:1)
  A leopard gecko (D:2)
  An orc (D:2)
  4 giant cockroaches
  12 goblins
  8 hobgoblins
  9 jackals
  9 kobolds
  A quokka (D:4)
  10 bats
  5 frilled lizards
  A leopard gecko skeleton (D:5)
  A quokka zombie (D:5)
  8 rats
102 creatures vanquished.

Notes
Turn   | Place    | Note
-------+----------+-------------------------------------------
     0 | D:1      | Nakatomy the Centaur Hunter began the quest for the Orb.
     0 | D:1      | Reached XP level 1. HP: 17/17 MP: 1/1
   287 | D:1      | Reached skill level 6 in Bows
   287 | D:1      | Reached XP level 2. HP: 17/24 MP: 2/2
   943 | D:1      | Reached XP level 3. HP: 29/29 MP: 3/3
  1349 | D:1      | Reached skill level 7 in Bows
  1425 | D:2      | Reached XP level 4. HP: 33/36 MP: 4/4
  2214 | D:2      | Reached skill level 1 in Polearms
  2241 | D:2      | Noticed Robin
  2290 | D:2      | Killed Robin
  2334 | D:2      | Found a basalt altar of Yredelemnul.
  2336 | D:2      | Found an ancient bone altar of Kikubaaqudgha.
  2375 | D:2      | Found a bloodstained altar of Trog.
  2380 | D:2      | Became a worshipper of Trog the Wrathful
  2785 | D:2      | Reached XP level 5. HP: 41/41 MP: 5/5
  2812 | D:2      | Reached skill level 8 in Bows
  3113 | D:3      | Reached * piety under Trog
  3462 | D:3      | HP: 2/41 [poisoned by a worker ant]
  4096 | D:4      | Reached XP level 6. HP: 37/48 MP: 6/6
  4237 | D:4      | Reached skill level 9 in Bows
  4341 | D:4      | Found a shattered altar of Ashenzari.
  5220 | D:5      | Entered Level 5 of the Dungeon
  5246 | D:5      | Found Pappamos's Jewellery Shoppe.
  5359 | D:5      | Noticed Duvessa
  5359 | D:5      | Noticed Dowan
  5425 | D:5      | Killed Duvessa
  5425 | D:5      | Reached skill level 10 in Bows
  5425 | D:5      | Reached XP level 7. HP: 55/55 MP: 7/7
  5483 | D:5      | Killed Dowan
  5678 | D:5      | Noticed Eustachio
  5789 | D:5      | Killed Eustachio
  6064 | D:5      | HP: 2/55 [centaur/arrow (2)]
  6067 | D:5      | Slain by a centaur

Skill      XL: |  1  2  3  4  5  6 |
---------------+-------------------+-----
Bows           | 6 7 8 10 | 10.8
Polearms       | 1 2 3 |  3.8
Fighting       | |  2.0
Dodging        | |  1.3
Stealth        | |  0.4

Action                   |  1- 3 |  4- 6 |  7- 9 || total
-------------------------+-------+-------+-------++-------
Melee: Short sword       |    76 |    11 |       ||    87
       Kick              |    14 |    30 |     7 ||    51
       Halberd           |     6 |   250 |    30 ||   286
 Fire: Shortbow          |    12 |    53 |    59 ||   124
Invok: Burn Spellbooks   |       |     1 |       ||     1
  Use: Potion            |       |       |     2 ||     2
 Stab: Distracted        |       |     1 |       ||     1
  Eat: Chunk             |       |    10 |     1 ||    11
       Beef jerky        |       |     1 |       ||     1
Armor: Leather armour    |    37 |    55 |       ||    92
       Ring mail         |       |     6 |    13 ||    19
Dodge: Dodged            |    45 |   176 |    68 ||   289
